 Dungeon Crawl Stone Soup version 0.20.0-10-g0535bb4 (console) character file.

420 roknel the Sneak (level 7, 0/41 HPs)
             Began as a Halfling Enchanter on June 6, 2017.
             Was a Follower of Okawaru.
             Succumbed to an orc's poison
             ... on level 5 of the Dungeon on June 7, 2017.
             The game lasted 00:21:01 (2861 turns).

roknel the Sneak (Halfling Enchanter)               Turns: 2861, Time: 00:21:02

Health: 0/41       AC:  4    Str:  9    XL:     7   Next: 16%
Magic:  1/9        EV: 19    Int: 15    God:    Okawaru [*.....]
Gold:   126        SH:  0    Dex: 15    Spells: 3/9 levels left

rFire    + . .     SeeInvis .   b - +0 hunting sling
rCold    + . .     Gourm    .   (shield restricted)
rNeg     . . .     Faith    .   v - +0 robe
rPois    +         Spirit   .   j - +2 hat
rElec    +         Reflect  .   (no cloak)
rCorr    +         Harm     .   (no gloves)
MR       .....                  (no boots)
Stlth    +++++.....             f - amulet of magic regeneration
Regen    0.0/turn               q - ring of wizardry
MPRegen  0.2/turn               z - ring of flight

@: lethally poisoned (0 -> -7), resistant, heroism
A: mutation resistance 1, inhibited regeneration
a: Heroism, Renounce Religion, Evoke Flight


You were on level 5 of the Dungeon.
You worshipped Okawaru.
Okawaru was aware of your devotion.
You were not hungry.

You visited 2 branches of the dungeon, and saw 6 of its levels.

You collected 126 gold pieces.

Inventory:

Hand Weapons
 a - a +1 dagger of freezing
 b - a +0 hunting sling (weapon)
 l - a +0 spear
Missiles
 e - 55 stones (quivered)
 r - 24 sling bullets
 u - 4 tomahawks
Armour
 j - a +2 hat (worn)
 v - a +0 robe (worn)
Jewellery
 f - an amulet of magic regeneration (around neck)
 h - an uncursed amulet of the gourmand
 q - a ring of wizardry (left hand)
 z - a ring of flight (right hand)
Scrolls
 i - 2 scrolls of blinking {unknown}
 m - 3 scrolls of remove curse
 o - a scroll of immolation {unknown}
 p - a scroll of recharging {unknown}
 t - a scroll of enchant weapon {unknown}
 x - a scroll of identify {unknown}
 y - a scroll of teleportation {unknown}
 E - a scroll of fear {unknown}
Books
 c - a book of Maledictions

   Spells                             Type                      Level
   a - Corona                         Hexes                        1
   b - Ensorcelled Hibernation        Hexes/Ice                    2
   c - Confuse                        Hexes                        3
   d - Tukima's Dance                 Hexes                        3
   e - Dazzling Spray                 Conjuration/Hexes            3
Comestibles
 d - 3 bread rations
 g - 3 meat rations
 w - 3 fruits
 D - a royal jelly


   Skills:
 + Level 4.0(9.0) Short Blades
 - Level 2.1(7.1) Dodging
 + Level 5.5(10.5) Stealth
 - Level 1.5 Spellcasting
 * Level 4.6 Hexes


You had 3 spell levels left.
You knew the following spells:

 Your Spells              Type           Power        Failure   Level  Hunger
a - Corona                Hex            ###....      1%          1    ##.....
b - Ensorcelled Hibernat  Hex/Ice        #.....       6%          2    ###....
c - Confuse               Hex            ###.....     4%          3    ####...


Dungeon Overview and Level Annotations

Branches:
Dungeon (5/15)             Temple (1/1) D:4

Altars:
Ashenzari
Cheibriados
Dithmenos
Elyvilon
Fedhas
Gozag
Hepliaklqana
Kikubaaqudgha
Makhleb
Nemelex Xobeh
Okawaru
Qazlal
Sif Muna
Trog
Uskayaw
Vehumet
Xom
Yredelemnul
Zin
The Shining One


Innate Abilities, Weirdness & Mutations

You are small and have problems with some larger weapons.
You are somewhat resistant to further mutation.
You do not regenerate when monsters are visible.


Message History

The stone hits the orc but does no damage.
The orc is moderately wounded.
* * * LOW HITPOINT WARNING * * *
You feel sick. The orc completely misses you. The ooze barely misses you.
Okay, then.
You aren't carrying any potions.
Okay, then.
Firing (i - inventory. (,) - cycle):
e - 57 stones (quivered)
Press: ? - help, Shift-Dir - straight line, f/p - orc
Aim: an orc, wielding a flail and wearing a leather armour (moderately wounded)
You shoot a stone. The stone barely misses the orc.
The stone closely misses the orc.
The orc completely misses you. The ooze closely misses you.
Firing (i - inventory. (,) - cycle):
e - 56 stones (quivered)
Press: ? - help, Shift-Dir - straight line, f/p - orc
Aim: an orc, wielding a flail and wearing a leather armour (moderately wounded)
You shoot a stone.
The stone hits the orc but does no damage.
The orc is moderately wounded.
You die...

########## #........# #........#
#........# #........# ########
#........#
.......################........#
..............oo@JY...>........#
.......######.#########........#
.......# #.# ######.### .....o.#
#.# #.# .....).# #.# #.#
##...#### #.# #.#### .(.((..((.#
#.# #....# ...#...........
####.# .###.(...... #.#


You could see an ice beast, an ooze and 2 orcs.

Vanquished Creatures
  An ogre (D:5)
  A bullfrog skeleton (D:4)
  3 orc priests
  A centaur skeleton (D:4)
  2 worker ants (D:4)
  2 adders
  4 worms
  3 dart slugs
  5 leopard geckos
  11 orcs
  3 ball pythons (D:3)
  3 giant cockroaches
  4 hobgoblins
  5 jackals (D:2)
  7 kobolds
  4 quokkas
  4 bats
  10 frilled lizards
  19 goblins
  5 rats
97 creatures vanquished.

Notes
Turn   | Place    | Note
-------+----------+-------------------------------------------
     0 | D:1      | roknel the Halfling Enchanter began the quest for the Orb.
     0 | D:1      | Reached XP level 1. HP: 11/11 MP: 3/3
   187 | D:1      | Reached XP level 2. HP: 16/17 MP: 1/4
   273 | D:1      | Learned a level 2 spell: Ensorcelled Hibernation
   568 | D:1      | Reached XP level 3. HP: 21/21 MP: 3/5
   806 | D:2      | Reached skill level 4 in Stealth
  1117 | D:2      | Found a radiant altar of Vehumet.
  1117 | D:2      | Found a snail-covered altar of Cheibriados.
  1117 | D:2      | Found a shadowy altar of Dithmenos.
  1232 | D:2      | Reached XP level 4. HP: 24/27 MP: 0/6
  1505 | D:3      | Found a basalt altar of Yredelemnul.
  1761 | D:3      | Found a faded altar of an unknown god.
  1815 | D:3      | Reached XP level 5. HP: 31/31 MP: 4/7
  1900 | D:3      | Learned a level 3 spell: Confuse
  2005 | D:3      | Gained mutation: Your spells are a little easier to cast, but a little less powerful. [potion of mutation]
  2005 | D:3      | Gained mutation: Your spells are easier to cast, but less powerful. [potion of mutation]
  2164 | D:4      | Found a staircase to the Ecumenical Temple.
  2173 | Temple   | Entered the Ecumenical Temple
  2204 | Temple   | Became a worshipper of Warmaster Okawaru
  2247 | D:4      | Reached XP level 6. HP: 35/36 MP: 0/8
  2278 | D:4      | Reached skill level 5 in Stealth
  2426 | D:4      | Lost mutation: Your spells are easier to cast, but less powerful. [potion of mutation]
  2426 | D:4      | Lost mutation: Your spells are a little easier to cast, but a little less powerful. [potion of mutation]
  2426 | D:4      | Gained mutation: You do not regenerate when monsters are visible. [potion of mutation]
  2487 | D:5      | Entered Level 5 of the Dungeon
  2728 | D:5      | Noticed an ogre
  2834 | D:5      | Noticed an ice beast
  2850 | D:5      | Killed an ogre
  2850 | D:5      | Reached * piety under Okawaru
  2850 | D:5      | Reached XP level 7. HP: 24/41 MP: 1/9
  2858 | D:5      | HP: 2/41 [poisoned by an orc]
  2861 | D:5      | Succumbed to an orc's poison

Skill      XL: |  1  2  3  4  5  6 |
---------------+-------------------+-----
Hexes          | 3 4 |  4.6
Stealth        | 4 5 |  5.5
Short Blades   | 2 3 4 |  4.0
Dodging        | |  2.1
Spellcasting   | |  1.5

Action                   |  1- 3 |  4- 6 |  7- 9 || total
-------------------------+-------+-------+-------++-------
Melee: Dagger            |   109 |   109 |       ||   218
       Spear             |    20 |       |       ||    20
 Fire: Hunting sling     |       |    34 |     9 ||    43
 Cast: Corona            |    26 |    15 |       ||    41
       Ensorcelled Hiber |    11 |    32 |       ||    43
Invok: Heroism           |       |       |     1 ||     1
 Abil: Evoke Flight      |       |     3 |       ||     3
  Use: Scroll            |     1 |       |       ||     1
       Potion            |       |    11 |     1 ||    12
 Stab: Sleeping          |    12 |    25 |       ||    37
  Eat: Chunk             |     2 |    10 |       ||    12
       Fruit             |       |     1 |       ||     1
Armor: Robe              |    15 |     8 |       ||    23
Dodge: Dodged            |    54 |    91 |    17 ||   162
